 Dungeon Crawl Stone Soup version 0.25.1-2-g60ff931df9 (webtiles) character file.

Game seed: 3583758271294749698

56 KamiKatze the Skirmisher (level 3, -1/20 HPs)
             Began as a Vine Stalker Fighter on Aug 17, 2020.
             Slain by a hobgoblin (3 damage)
             ... on level 3 of the Dungeon.
             The game lasted 00:05:01 (1383 turns).

KamiKatze the Skirmisher (Vine Stalker Fighter)     Turns: 1383, Time: 00:05:01

Health: -1/20      AC:  7    Str: 19    XL:     3   Next: 95%
Magic:  0/4        EV:  7    Int:  8    God:
Gold:   106        SH:  9    Dex: 13    Spells: 2/2 levels left

rFire    . . .     SeeInvis .   a - +0 rapier
rCold    . . .     Gourm    .   c - +0 kite shield
rNeg     . . .     Faith    .   b - +0 scale mail
rPois    .         Spirit   +   (no helmet)
rElec    .         Reflect  .   j - +0 cloak
rCorr    .         Harm     .   (no gloves)
MR       .....                  (no boots)
Stlth    ..........             (no amulet)
HPRegen  0.06/turn              (no ring)
MPRegen  0.09/turn              (no ring)

@: mighty
A: fangs 2, magic shield, antimagic bite, no potion heal 3, rot immunity
a: no special abilities


You were on level 3 of the Dungeon.
You were not hungry.

You visited 1 branch of the dungeon, and saw 3 of its levels.

You collected 106 gold pieces.

Inventory:

Hand Weapons
 a - a +0 rapier (weapon)
Missiles
 n - 52 stones (quivered)
Armour
 b - a +0 scale mail (worn)
 c - a +0 kite shield (worn)
 e - a +0 ring mail
 j - a +0 cloak (worn)
 m - a +0 chain mail
Scrolls
 h - a scroll of remove curse {unknown}
 k - a scroll of enchant weapon {unknown}
 l - 4 scrolls of teleportation {unknown}
 o - a scroll of immolation {unknown}
Potions
 i - a potion of haste {unknown}
 p - a potion of ambrosia {unknown}
 q - a potion of flight {unknown}
Comestibles
 f - 2 rations
 g - a chunk of flesh


   Skills:
 + Level 3.0 Fighting
 * Level 2.6 Short Blades
 + Level 2.7 Armour
 * Level 0.8 Dodging
 + Level 3.0 Shields


You had 2 spell levels left.
You didn't know any spells.
Your spell library was empty.

Dungeon Overview and Level Annotations

Branches:
Dungeon (2/15)

Altars:


Innate Abilities, Weirdness & Mutations

You have extremely sharp teeth.
When hurt, damage is shared between your health and your magic reserves.
Your bite disrupts and absorbs the magic of your enemies.
Potions cannot restore your health.
You are immune to rotting.


Message History

The rat bites you but does no damage. You block the goblin's attack.
The bat hits you but does no damage. The bat completely misses you.
The bat barely misses you.
The kobold throws a stone.
The stone hits you but does no damage. You block the kobold's attack.
You see here a stone.
The goblin hits you but does no damage.
You puncture the goblin!
You kill the goblin!
The bat hits you but does no damage. x2; The kobold hits you with a +0 whip.
* * * LOW HITPOINT WARNING * * *
The kobold throws a stone.
You block the stone. The kobold hits you with a +0 whip.
* * * LOW HITPOINT WARNING * * *
The bat hits you but does no damage. You block the bat's attack.
You block the bat's attack.
You closely miss the kobold. Your bite misses the kobold.
You block the bat's attack. The hobgoblin hits you.
You die...

......###.##...........
.......................
..>....................
......................
###.......w............
.#.......K(.............
...#...rrrg...#........?
......Kg......##########
###...@.r....#
##....b...## #........#
#..........#
#..........#
#..........#
#..........#
#..........#


You could see a worm, 2 hobgoblins, a bat, 2 kobolds and 4 rats.

Vanquished Creatures
  An adder (D:3)
  2 worms (D:2)
  A leopard gecko (D:1)
  A ball python (D:1)
  10 goblins
  7 hobgoblins
  A quokka (D:2)
  5 bats
  2 frilled lizards
  2 kobolds
  5 rats (D:2)
37 creatures vanquished.

Notes
Turn   | Place    | Note
-------+----------+-------------------------------------------
     0 | D:1      | KamiKatze the Vine Stalker Fighter began the quest for the
                  | Orb.
     0 | D:1      | Reached XP level 1. HP: 11/11 MP: 2/2
   361 | D:1      | Reached XP level 2. HP: 16/16 MP: 3/3
   817 | D:2      | Reached XP level 3. HP: 19/19 MP: 4/4
  1354 | D:2      | You fall into a shaft and drop 1 floor!
  1383 | D:3      | Slain by a hobgoblin

Illustrated notes

Levels and vault maps discovered:
D:1:      lightli_arrival_farm, layout_basic
D:2:      layout_loops_corners
D:3:      layout_rooms, first_ration

Skill      XL: |  1  2  3 |
---------------+----------+-----
Short Blades   | 2 |  2.6
Fighting       | 3 |  3.0
Shields        | 3 |  3.0
Armour         | |  2.7
Dodging        | |  0.8

Action                   || total
-------------------------++-------
Melee: Rapier            ||   100
       Bite              ||    25
  Use: Potion            ||     1
  Eat: Chunk             ||     2
Armor: Scale mail        ||    57
Dodge: Dodged            ||    51
Block: Kite shield       ||    67
